 Dungeon Crawl Stone Soup version 0.27.1 (webtiles) character file.

Game seed: 11720710084551511395

121 chaosape the Magician (level 5, 0/55 HPs)
             Began as a Gnoll Wanderer on Aug 28, 2021.
             Succumbed to an adder's poison
             ... on level 3 of the Dungeon.
             The game lasted 00:14:32 (3244 turns).

chaosape the Magician (Gnoll Wanderer)              Turns: 3244, Time: 00:14:33

Health: 0/55       AC: 22    Str: 13    XL:     5   Next: 5%
Magic:  12/12      EV:  2    Int: 10    God:
Gold:   107        SH:  0    Dex: 12    Spells: 13/14 levels left

rFire    . . .     SeeInvis +   t - +0 short sword
rCold    . . .     Faith    .   (no shield)
rNeg     + + +     Spirit   .   (armour currently unavailable)
rPois    +         Reflect  .   (helmet currently unavailable)
rElec    .         Harm     .   (cloak currently unavailable)
rCorr    .         Rampage  .   (gloves currently unavailable)
Will     .....     NoTele   +   (boots currently unavailable)
Stlth    ++........             (no amulet)
HPRegen  0.18/turn              f - ring of see invisible
MPRegen  0.13/turn              (no ring)

@: lethally poisoned (0 -> -3), tree-form
A: stationary, stasis, torment immunity, boosted hp, (fangs 1), strong nose,
distributed training
a: no special abilities


You were on level 3 of the Dungeon.
You were a tree.
You visited 1 branch of the dungeon, and saw 3 of its levels.

You collected 107 gold pieces.

Inventory:

Hand Weapons
 a - a +0 quarterstaff
 d - a +0 hunting sling
 e - a +0 dagger
 k - a +0 hand axe
 t - a +0 short sword (weapon)
 v - a +0 great sword
Missiles
 n - 45 stones
 u - 21 arrows
Armour
 c - a +0 robe
 m - a +0 scale mail (melded)
Magical Staves
 h - a staff of cold
Jewellery
 f - a ring of see invisible (left branch)
 g - a ring of protection from fire
 q - an amulet of magic regeneration
Scrolls
 i - a scroll of vulnerability
 l - a scroll of teleportation
 s - a scroll of silence
Potions
 b - 5 potions of curing
 j - a potion of berserk rage
 p - a potion of flight {unknown}
 r - a potion of degeneration {unknown}


   Skills:
 + Level 1.3 Fighting
 + Level 1.3 Short Blades
 + Level 2.9 Long Blades
 + Level 1.3 Axes
 + Level 1.3 Maces & Flails
 + Level 1.3 Polearms
 + Level 1.3 Staves
 + Level 1.3 Slings
 + Level 1.3 Bows
 + Level 1.3 Crossbows
 + Level 2.9 Throwing
 + Level 1.3 Armour
 + Level 4.7 Dodging
 + Level 2.7 Stealth
 + Level 1.3 Shields
 + Level 1.3 Unarmed Combat
 + Level 5.1 Spellcasting
 + Level 1.1 Conjurations
 + Level 1.1 Hexes
 + Level 1.1 Summonings
 + Level 1.1 Necromancy
 + Level 2.3 Translocations
 + Level 1.1 Transmutations
 + Level 1.1 Fire Magic
 + Level 1.1 Ice Magic
 + Level 1.1 Air Magic
 + Level 3.9 Earth Magic
 + Level 1.1 Poison Magic
 + Level 1.5 Invocations
 + Level 1.3 Evocations


You had 13 spell levels left.
You knew the following spells:

 Your Spells              Type           Power      Damage    Failure   Level
a - Sandblast             Erth           20%        2d7       4%          1

Your spell library contained the following spells:

 Spells                   Type           Power      Damage    Failure   Level
 Passwall                 Tmut/Erth      5%         N/A       12%         2
 Stone Arrow              Conj/Erth      14%        3d7       24%         3
 Ignite Poison            Fire/Tmut/Pois 4%         N/A       41%         3
 Mephitic Cloud           Conj/Pois/Air  4%         N/A       41%         3
 Petrify                  Tmut/Erth      7%         N/A       63%         4
 Bolt of Magma            Conj/Fire/Erth 3%         4d5       95%         5


Dungeon Overview and Level Annotations

Branches:
Dungeon (3/15)

Altars:
Gozag

Annotations:
D:2 1 runed translucent door, Crazy Yiuf


Innate Abilities, Weirdness & Mutations

You are a tree.
Your roots penetrate the ground, keeping you stationary.
You cannot be teleported.
You are immune to unholy pain and torment.
Your maximum health is greatly increased.
Your equipment is partially melded.
((You have very sharp teeth.))
Your uncanny sense of smell can sniff out nearby items.
Your experience applies equally to all skills.


Message History

You miss the adder.
The adder is severely wounded.
You feel sick.
The adder bites you but does no damage. x2
You closely miss the adder.
The adder is severely wounded.
You feel sick. The adder bites you.
* * * LOW HITPOINT WARNING * * *
You are more poisoned.
The adder poisons you!
You closely miss the adder.
The adder is severely wounded.
You feel sick. The adder barely misses you.
You hit the adder but do no damage. Your bite misses the adder.
The adder is severely wounded.
You feel sick. The adder bites you but does no damage.
The adder closely misses you.
You hit the adder but do no damage.
The adder is severely wounded.
You feel sick. The adder bites you.
* * * LOW HITPOINT WARNING * * *
You are lethally poisoned!
The adder poisons you!
Really quaff the potion of lignification?
You turn into a tree.
Your +0 scale mail melds into your body.
Your roots penetrate the ground.
* * * LOW HITPOINT WARNING * * *
You feel sick. The adder bites you but does no damage.
You hit the adder.
The adder is almost dead.
* * * LOW HITPOINT WARNING * * *
You feel sick.
The adder bites you but does no damage. x2
You hit the adder.
You kill the adder!
* * * LOW HITPOINT WARNING * * *
You feel sick.
You have reached level 5!
There is a lethal amount of poison in your body!
There is a lethal amount of poison in your body!
You die...

#.....<...
#######.........
............†...
##............. #########
#.....#.†...## ........#
#.....###†.### ........#
#.....#.....#
........#####.....#.....#
#......♣........#.....#
#..#...#####.....#.....##
#.... #.....#.......
#...#. #####.#.......
#...... .......... #...#
#. #......... #.... ..
........... ....# ##
........... ##.#.###...


There were no monsters in sight!

Vanquished Creatures
  Natasha (twice) (D:2)
  2 adders
  2 dart slugs
  7 endoplasms
  4 giant cockroaches (D:2)
  2 goblins (D:1)
  5 hobgoblins
  A quokka (D:2)
  5 ball pythons
  5 bats
  8 frilled lizards (D:2)
  3 kobolds
  5 rats
51 creatures vanquished.

Vanquished Creatures (others)
  11 plants (D:2)
11 creatures vanquished.

Grand Total: 62 creatures vanquished

Notes
Turn   | Place    | Note
-------+----------+-------------------------------------------
     0 | D:1      | chaosape the Gnoll Wanderer began the quest for the Orb.
     0 | D:1      | chaosape set off with the following items: a +0
                  | quarterstaff, a potion of curing, a +0 robe; and the
                  | following spell memorised: Sandblast; and the following
                  | spells available to memorise: Passwall, Stone Arrow,
                  | Petrify
     0 | D:1      | Reached XP level 1. HP: 13/13 MP: 6/6
   485 | D:1      | Reached XP level 2. HP: 18/19 MP: 7/7
  1749 | D:2      | Found an opulent altar of Gozag.
  1801 | D:2      | Noticed Natasha
  1810 | D:2      | Noticed a crimson imp
  1813 | D:2      | Killed Natasha
  1814 | D:2      | Reached skill level 5 in Spellcasting
  1814 | D:2      | Reached skill level 1 in Invocations
  1814 | D:2      | Reached XP level 3. HP: 15/25 MP: 7/9
  1995 | D:2      | Reached skill level 1 in Fighting
  1995 | D:2      | Reached skill level 1 in Short Blades
  1995 | D:2      | Reached skill level 1 in Axes
  1995 | D:2      | Reached skill level 1 in Maces & Flails
  1995 | D:2      | Reached skill level 1 in Polearms
  1995 | D:2      | Reached skill level 1 in Staves
  1995 | D:2      | Reached skill level 1 in Slings
  1995 | D:2      | Reached skill level 1 in Bows
  1995 | D:2      | Reached skill level 1 in Crossbows
  1995 | D:2      | Reached skill level 1 in Armour
  1995 | D:2      | Reached skill level 1 in Shields
  1995 | D:2      | Reached skill level 1 in Unarmed Combat
  1995 | D:2      | Reached skill level 1 in Evocations
  2122 | D:2      | Reached XP level 4. HP: 31/32 MP: 11/11
  2138 | D:2      | Noticed Natasha
  2144 | D:2      | Killed Natasha
  2290 | D:2      | Found a runed translucent door.
  2291 | D:2      | Noticed Crazy Yiuf
  2406 | D:2      | Reached skill level 1 in Conjurations
  2406 | D:2      | Reached skill level 1 in Hexes
  2406 | D:2      | Reached skill level 1 in Summonings
  2406 | D:2      | Reached skill level 1 in Necromancy
  2406 | D:2      | Reached skill level 1 in Transmutations
  2406 | D:2      | Reached skill level 1 in Fire Magic
  2406 | D:2      | Reached skill level 1 in Ice Magic
  2406 | D:2      | Reached skill level 1 in Air Magic
  2406 | D:2      | Reached skill level 1 in Poison Magic
  3242 | D:3      | HP: 2/48 [poisoned by an adder]
  3244 | D:3      | Reached XP level 5. HP: 1/37 MP: 12/12
  3244 | D:3      | Succumbed to an adder's poison

Illustrated notes

Levels and vault maps discovered:
D:1:      eino_arrival_water_star, layout_loops_corners
D:2:      layout_loops_ring, basic_altar, minmay_lizard_king,
          uniq_crazy_yiuf_cottage, uniq_natasha
D:3:      layout_rooms

Skill      XL: |  1  2  3  4 |
---------------+-------------+-----
Translocations | 2 |  2.3
Spellcasting   | 5 |  5.1
Invocations    | 1 |  1.5
Fighting       | 1 |  1.3
Short Blades   | 1 |  1.3
Axes           | 1 |  1.3
Maces & Flails | 1 |  1.3
Polearms       | 1 |  1.3
Staves         | 1 |  1.3
Slings         | 1 |  1.3
Bows           | 1 |  1.3
Crossbows      | 1 |  1.3
Armour         | 1 |  1.3
Shields        | 1 |  1.3
Unarmed Combat | 1 |  1.3
Evocations     | 1 |  1.3
Conjurations   | 1 |  1.1
Hexes          | 1 |  1.1
Summonings     | 1 |  1.1
Necromancy     | 1 |  1.1
Transmutations | 1 |  1.1
Fire Magic     | 1 |  1.1
Ice Magic      | 1 |  1.1
Air Magic      | 1 |  1.1
Poison Magic   | 1 |  1.1
Long Blades    | |  2.9
Throwing       | |  2.9
Dodging        | |  4.7
Stealth        | |  2.7
Earth Magic    | |  3.9

Action                   |  1- 3 |  4- 6 || total
-------------------------+-------+-------++-------
Melee: Quarterstaff      |    67 |    14 ||    81
       Bite              |     2 |     6 ||     8
       Short sword       |       |   105 ||   105
  Use: Scroll            |       |     5 ||     5
       Potion            |       |     1 ||     1
 Stab: Sleeping          |     2 |       ||     2
Armor: Robe              |     6 |       ||     6
       Scale mail        |    12 |    69 ||    81
       Skin              |       |     3 ||     3
Dodge: Dodged            |    44 |    65 ||   109
